AoeStats
← 海鸥

Pilgrims

509893114Analyzed
4v4 RM · 3d ago on Sep 28, 2026· 68m 58s· 8 players
Game mode
Random Map
Map size
Large (8 player)
Population
200
Speed
Normal
Resources
Standard
Victory
Conquest
Starting age
Dark Age
Ending age
Imperial Age
RankedLock teamsTeams togetherTeam positionsShared explorationLock speedFull tech treeHidden civsTurbo modeCheats
Victory
Defeat
🇨🇱 Mongols · Chile
942
+15
🇹🇼 Armenians · Taiwan
934
+15
🇨🇳 Wu · China
898
+16
🇹🇼 Celts · Taiwan
870
+18
🇹🇼 Celts · Taiwan
1153
-26
🇹🇼 Spanish · Taiwan
860
-14
🇹🇼 Wu · Taiwan
820
-12
🇬🇧 Poles · United Kingdom
810
-12
Biggie Smalls
16:23 Feudal Age
16:59 Double-Bit Axe
16:56 Horse Collar
26:18 Castle Age
28:11 Pikeman
33:33 Imperial Age
水邊小牛
4:44 Loom
12:43 Feudal Age
13:38 Fishing Lines
14:14 Gold Mining
16:41 Castle Age
16:16 Town Watch
17:07 Wheelbarrow
19:50 Double-Bit Axe
21:12 Bow Saw
22:09 Stone Mining
23:09 Hand Cart
25:36 Husbandry
25:46 Fletching
26:11 Forging
33:51 Gold Shaft Mining
36:11 Imperial Age
35:17 Murder Holes
35:43 Ballistics
36:06 Stronghold
36:59 Gambesons
38:25 Town Patrol
38:52 Masonry
39:32 Scale Mail Armor
42:26 Onager
46:21 Capped Ram
50:35 Caravan
53:46 Chemistry
56:50 Hoardings
56:35 Conscription
57:45 Furor Celtica
58:58 Stone Shaft Mining
58:41 Fervor
60:00 Siege Ram
62:43 Heavy Scorpion
64:12 Elite Woad Raider
66:21 Horse Collar
海鸥
4:32 Loom
4:47 Loom
12:43 Feudal Age
13:13 Double-Bit Axe
13:33 Fishing Lines
16:45 Horse Collar
22:49 Castle Age
20:54 Stone Mining
21:39 Gold Mining
24:42 Bow Saw
26:06 Heavy Plow
26:54 Fletching
29:31 Wheelbarrow
30:31 Forging
30:21 Scale Mail Armor
30:06 Pikeman
30:48 Squires
34:35 Hand Cart
35:17 Scale Barding Armor
37:54 Imperial Age
35:32 Town Watch
36:58 Gold Shaft Mining
36:59 Stone Shaft Mining
36:42 Husbandry
36:52 Bloodlines
37:40 Iron Casting
38:30 Chain Barding Armor
38:28 Heavy Hei Guang Cavalry
40:20 Masonry
40:30 Ballistics
41:11 Chemistry
39:54 Treadmill Crane
42:13 Blast Furnace
41:33 Elite Skirmisher
42:36 Padded Archer Armor
42:32 Bodkin Arrow
43:16 Architecture
44:47 Leather Archer Armor
44:32 Bracer
45:03 Conscription
45:44 Plate Barding Armor
44:33 Light Cavalry
50:01 Guilds
50:01 Murder Holes
51:16 Hussar
62:38 Fervor
64:22 Halberdier
65:19 Chain Mail Armor
jason916802
14:10 Feudal Age
18:20 Castle Age
16:26 Fletching
16:45 Padded Archer Armor
16:35 Fishing Lines
17:00 Stone Mining
18:01 Double-Bit Axe
18:58 Loom
19:16 Bodkin Arrow
19:39 Leather Archer Armor
22:27 Gillnets
23:19 Gold Mining
30:24 Imperial Age
30:11 Gold Shaft Mining
29:51 Bow Saw
31:35 Bracer
32:38 Ring Archer Armor
34:21 Conscription
37:19 Ballistics
38:00 Chemistry
37:27 Elite Composite Bowman
41:25 Wheelbarrow
42:50 Hand Cart
48:39 Horse Collar
50:43 Forging
50:34 Scale Mail Armor
49:58 Man-at-Arms
50:24 Gambesons
50:40 Squires
50:25 Arson
51:03 Long Swordsman
53:00 Iron Casting
52:41 Chain Mail Armor
51:49 Two-Handed Swordsman
53:24 Pikeman
54:25 Champion
55:45 Halberdier
61:38 Blast Furnace
61:09 Plate Mail Armor
64:16 Murder Holes
63:51 Capped Ram
63:52 Heavy Scorpion
64:43 Siege Ram
tim20004255
13:25 Feudal Age
11:40 Loom
15:38 Double-Bit Axe
21:23 Wheelbarrow
24:21 Castle Age
38:30 Stone Mining
50:35 Castle Age
51:11 Fishing Lines
60:52 Elite Skirmisher
66:06 Imperial Age
jonathankclin
14:30 Feudal Age
15:16 Horse Collar
16:00 Double-Bit Axe
16:54 Bloodlines
19:11 Scale Barding Armor
21:10 Castle Age
22:17 Bow Saw
25:19 Forging
26:46 Light Cavalry
29:11 Iron Casting
30:10 Husbandry
38:56 Heavy Plow
47:19 Imperial Age
46:08 Wheelbarrow
47:47 Szlachta Privileges
50:46 Hand Cart
54:30 Crop Rotation
57:56 Winged Hussar
61:39 Chain Barding Armor
61:43 Padded Archer Armor
61:34 Fletching
63:03 Leather Archer Armor
64:19 Bodkin Arrow
64:18 Elite Skirmisher
66:28 Thumb Ring
68:16 Ballistics
68:57 Chemistry
一袋米要扛幾樓
12:16 Loom
14:45 Feudal Age
16:34 Double-Bit Axe
22:44 Castle Age
26:21 Medium Warships
26:53 Bloodlines
26:46 Husbandry
28:22 Pikeman
29:02 Squires
28:48 Arson
29:26 Gold Mining
29:52 Bow Saw
37:46 Imperial Age
45:42 Horse Collar
46:20 Elite Conquistador
50:29 Conscription
49:55 Cavalier
51:38 Scale Barding Armor
51:44 Forging
52:54 Paladin
54:15 Chain Barding Armor
59:08 Murder Holes
60:56 Plate Barding Armor
60:56 Iron Casting
64:52 Blast Furnace
JessePinkman
3:34 Loom
12:19 Feudal Age
14:30 Double-Bit Axe
19:50 Castle Age
20:55 Medium Warships
22:26 Horse Collar
22:57 Bow Saw
24:58 Gold Mining
30:03 Imperial Age
28:10 Wheelbarrow
27:20 Town Watch
27:22 Fishing Lines
29:08 Horse Collar
30:05 Gold Shaft Mining
29:21 Stone Mining
29:45 Pikeman
30:27 Scale Mail Armor
30:38 Forging
30:33 Halberdier
31:16 Gillnets
34:30 Hand Cart
33:43 Capped Ram
35:35 Heavy Warships
36:29 Chain Mail Armor
35:53 Siege Ram
37:10 Siege Engineers
38:56 Arson
39:23 Forging
39:45 Plate Mail Armor
41:45 Forging
43:54 Coinage
44:43 Onager
44:43 Heavy Scorpion
46:15 Iron Casting
54:34 Conscription
61:26 Blast Furnace
62:57 Town Patrol
68:40 Furor Celtica
Connection lost

Rejoining the realm…

Still unreachable

The connection could not be restored.

Session expired

The server has moved on; the page needs a fresh start.